 Dungeon Crawl Stone Soup version 0.29.1-12-g30fa7ad0bf (webtiles) character file.

Game seed: 16864814608355732259

177 raph the Caller (level 5, -3/39 (42) HPs)
             Began as a Deep Elf Summoner on Jan 15, 2023.
             Slain by a gnoll sergeant
             ... wielding a +0 spear
              (4 damage)
             ... on level 5 of the Dungeon.
             The game lasted 00:06:43 (3520 turns).

raph the Caller (Deep Elf Summoner)                 Turns: 3520, Time: 00:06:43

HP:   -3/39 (42)    AC:  7    Str:  5    XL:     5   Next: 31%
MP:   3/11          EV: 11    Int: 22    God:
Gold: 181           SH:  0    Dex: 15    Spells: 1/10 levels left

rFire   . . .      SeeInvis .   p - +2 dagger (drain)
rCold   . . .      Faith    .   (no shield)
rNeg    . . .      Spirit   .   k - +3 leather armour
rPois   .          Reflect  .   l - +0 helmet
rElec   .          Harm     .   (no cloak)
rCorr   .          Rampage  .   (no gloves)
Will    .....                   (no boots)
Stlth   ..........              f - amulet of the acrobat
HPRegen 0.13/turn               (no ring)
MPRegen 0.12/turn               (no ring)

@: berserking (expiring), drained, very quick
A: no striking features
a: no special abilities


You were on level 5 of the Dungeon.
You visited 1 branch of the dungeon, and saw 5 of its levels.

You collected 181 gold pieces.

Inventory:

Hand Weapons
 d - a +0 dagger
 p - a +2 dagger of draining (weapon)
Armour
 a - a +0 robe
 k - a +3 leather armour (worn)
 l - a +0 helmet (worn)
Jewellery
 f - an amulet of the acrobat (around neck)
Scrolls
 g - a scroll of fear
 o - a scroll of blinking
Potions
 b - 3 potions of magic
 e - 2 potions of berserk rage
 i - a potion of experience {unknown}
 m - 2 potions of curing
 n - a potion of mutation {unknown}


   Skills:
 - Level 2.4 Dodging
 - Level 2.4 Stealth
 - Level 3.0 Spellcasting
 + Level 7.3 Summonings


You had one spell level left.
You knew the following spells:

 Your Spells              Type           Power      Damage    Failure   Level
a - Summon Small Mammal   Summ           100%       N/A       1%          1
b - Call Imp              Summ           35%        N/A       1%          2
c - Call Canine Familiar  Summ           35%        N/A       3%          3
d - Summon Guardian Gole  Hex/Summ       19%        N/A       14%         3

Your spell library contained the following spells:

 Spells                   Type           Power      Damage    Failure   Level
 Apportation              Tloc           6%         N/A       21%         1
 Necrotise                Necr           12%        1d4       21%         1
 Summon Lightning Spire   Summ/Air       19%        N/A       41%         4


Dungeon Overview and Level Annotations

Branches:
Dungeon (5/15)
 Temple: D:4-7

Altars:
Trog

Annotations:
D:3 2 transporters, gargbit's ghost, amateur OpFi
D:5 Duvessa


Message History

You hit the gnoll.
The gnoll is lightly wounded.
The centaur closely misses your quokka. The centaur kicks your quokka.
Your quokka dies!
Your quokka's corpse disappears in a puff of smoke!
Your hound closely misses the necrophage.
The necrophage hits your hound.
Your hound dies!
Your hound's corpse disappears in a puff of smoke!
The gnoll hits you with a +0 spear.
* * * LOW HITPOINT WARNING * * *
The gnoll sergeant hits you from afar with a +0 spear.
* * * LOW HITPOINT WARNING * * *
Your quokka bites the necrophage.
The necrophage closely misses your quokka.
The gnoll completely misses you.
A red film seems to cover your vision as you go berserk!
You feel yourself moving faster!
You feel mighty!
Your quokka bites the necrophage.
The necrophage hits your quokka.
The gnoll hits you from afar with a +0 spear.
* * * LOW HITPOINT WARNING * * *
You feel a strong urge to attack something.
Your quokka barely misses the necrophage.
You barely miss the gnoll.
The gnoll is lightly wounded.
The necrophage hits your quokka.
Your crimson imp hits the necrophage.
The gnoll hits you with a +0 spear.
* * * LOW HITPOINT WARNING * * *
The gnoll sergeant hits you but does no damage.
You hit the gnoll. You drain the gnoll.
The gnoll is almost dead.
Your quokka barely misses the necrophage.
You puncture the gnoll!
You kill the gnoll!
The necrophage hits your quokka.
Your quokka dies!
Your quokka's corpse disappears in a puff of smoke!
Your crimson imp barely misses the necrophage.
The gnoll sergeant hits you from afar with a +0 spear.
You die...

.....#.####5#..#
#..........r###.#
#.####.....## #..
#.# #..###.## ##
#g# ##.......#
#g# #..######.#
#g# #.## .# #)#
#r# # #@# #.# .
#.# #.# #.##
#ยง###r#.....
#n##........#
#c5.........#
####.........
#........#
#...##/..# #####
####


You could see a necrophage (ally target), a gnoll sergeant, a centaur, 2 gnolls
and a friendly crimson imp (summoned).

Vanquished Creatures
  An adder (D:2)
  A gnoll (D:5)
  A bat (D:1)
  A giant cockroach (D:2)
  A goblin (D:2)
  A hobgoblin (D:1)
  4 jackals
  A quokka (D:3)
  A ball python (D:3)
  A frilled lizard (D:2)
  A rat (D:2)
14 creatures vanquished.

Vanquished Creatures (collateral kills)
  A howler monkey (D:2)
  Robin (D:2)
  2 gnolls (D:1)
  2 adders
  A worm (D:2)
  2 orcs (D:3)
  2 endoplasms (D:3)
  18 goblins
  8 hobgoblins
  7 jackals
  2 quokkas
  3 ball pythons
  5 bats (D:1)
  A frilled lizard (D:1)
  7 rats
62 creatures vanquished.

Grand Total: 76 creatures vanquished

Notes
Turn   | Place    | Note
-------+----------+-------------------------------------------
     0 | D:1      | raph the Deep Elf Summoner began the quest for the Orb.
     0 | D:1      | Reached XP level 1. HP: 10/10 MP: 6/6
   154 | D:1      | Found a faded altar of an unknown god.
   276 | D:1      | Reached skill level 5 in Summonings
   276 | D:1      | Reached XP level 2. HP: 15/15 MP: 2/8
   432 | D:1      | Learned a level 2 spell: Call Imp
   838 | D:1      | Reached XP level 3. HP: 19/19 MP: 5/9
   845 | D:1      | Learned a level 3 spell: Call Canine Familiar
  1721 | D:2      | Reached skill level 6 in Summonings
  1763 | D:2      | Reached XP level 4. HP: 24/24 MP: 3/10
  1769 | D:2      | Learned a level 3 spell: Summon Guardian Golem
  1803 | D:2      | Noticed Robin
  1817 | D:2      | Killed Robin
  2129 | D:2      | Reached skill level 7 in Summonings
  2129 | D:2      | Reached XP level 5. HP: 26/28 MP: 7/11
  2673 | D:3      | Found a transporter.
  2676 | D:3      | Noticed gargbit's ghost (amateur OpFi)
  2701 | D:3      | Found a transporter.
  3412 | D:3      | Found a bloodstained altar of Trog.
  3431 | D:4      | You fall into a shaft and drop 1 floor!
  3431 | D:5      | Entered Level 5 of the Dungeon
  3449 | D:5      | Noticed Duvessa
  3475 | D:5      | Noticed a centaur
  3518 | D:5      | HP: 1/39 [gnoll/+0 spear[a gnoll sergeant] (4)]
  3520 | D:5      | Slain by a gnoll sergeant

Illustrated notes

Levels and vault maps discovered:
D:1:      dpeg_arrival_subterranean_lakeside_camping, layout_rooms,
          basic_ecumenical_altar, ebering_dispersal_statue_hall,
          columned_hall_lemuel, minmay_misc_feat_tower
D:2:      layout_loops_ring, uniq_robin
D:3:      layout_basic, mainiacjoe_overflow_alcove_4, gammafunk_ghost_mausoleum
D:4:      layout_rooms, nicolae_overflow_hidden_temple,
          minmay_temple_entry_large_hall
D:5:      layout_loops_ring, uniq_eustachio, uniq_duvessa

Skill      XL: |  1  2  3  4 |
---------------+-------------+-----
Summonings     | 5 6 7 |  7.3
Dodging        | |  2.4
Stealth        | |  2.4
Spellcasting   | |  3.0

Action                   |  1- 3 |  4- 6 || total
-------------------------+-------+-------++-------
Melee: Dagger            |    28 |    27 ||    55
       Punch             |     2 |     1 ||     3
 Cast: Summon Small Mamm |    33 |    16 ||    49
       Call Imp          |     9 |     8 ||    17
       Call Canine Famil |     2 |     8 ||    10
       Summon Guardian G |       |     2 ||     2
  Use: Scroll            |     3 |     6 ||     9
       Potion            |       |     1 ||     1
 Stab: Sleeping          |     2 |     1 ||     3
Armor: Robe              |     7 |       ||     7
       Leather armour    |     2 |    13 ||    15
Dodge: Dodged            |    32 |    31 ||    63
